FIQ, neutral male scurrid Tourist ---.- |...| |.V*| .Ir.| |...| |...| |...+ ----- FIQ the Rambler Experience level: 1 Strength: 14 Dexterity: 12 Constitution: 13 Intelligence: 14 Wisdom: 6 Charisma: 15 Health: 2(9) Energy: 2(2) Def: 0 Gold: 629 Moves: 66 Dungeon seed: GDkTIHo83Ur8W7Rr Game ID: FIQ_1498598112 Your Inventory: Coins $ - 629 gold pieces Weapons a - 38 uncursed +2 darts (in quiver) Armor e - an uncursed +0 Hawaiian shirt (being worn) Comestibles b - an uncursed fortune cookie c - 5 uncursed food rations d - 2 uncursed chestnuts f - an uncursed orange g - an uncursed tripe ration h - an uncursed tin of newt meat Scrolls j - 4 uncursed scrolls of magic mapping Potions i - 2 uncursed potions of extra healing Wands m - an uncursed wand of secret door detection (0:13) Tools k - an uncursed expensive camera (0:65) l - an uncursed credit card n - an uncursed leash Spells and supernatural/magical abilities: Name Level Category Fail Memory W - pray for help -- divine ? -- Your skills at the end: Miscellaneous Skills wands [Basic] Weapon Skills dart [Basic] Spellcasting Skills Final Attributes: You were devoutly aligned. You had infravision. You were very stealthy. You are dead. Voluntary challenges: You went without food. You did not adorn yourself with jewelry or accessories. You did not cause conflict. You were not invisible. You did not have reflection. You were not displaced. You were an atheist. You never hit with a wielded weapon. You were a pacifist. You did not use tools. You did not use plumbed fixtures. You did not drink any magical draughts. You were illiterate. You never genocided any monsters. You never polymorphed an object. You never changed form. You used no wishes. You never split a pudding. You never wrote Elbereth's name. You never violated your personal moral code. Dungeon overview: The Dungeons of Doom: levels 1 to 19 Level 1 a long staircase Level 2 Level 3 Level 4 Level 5 Level 6 a hardware shop Level 7 Level 8 Level 9 Level 10 Level 11 Level 12 Level 13 a fountain Level 14 Level 15 Level 16 Level 17 Level 18 Level 19 <- You were here History has recorded: On T:1 you entered the Dungeons of Doom to retrieve the Amulet of Yendor! On T:25 you reached level 2 of The Dungeons of Doom. On T:28 you reached level 3 of The Dungeons of Doom. On T:30 you reached level 4 of The Dungeons of Doom. On T:32 you reached level 5 of The Dungeons of Doom. On T:34 you reached level 6 of The Dungeons of Doom. On T:37 you reached level 7 of The Dungeons of Doom. On T:39 you reached level 8 of The Dungeons of Doom. On T:41 you reached level 9 of The Dungeons of Doom. On T:43 you reached level 10 of The Dungeons of Doom. On T:47 you reached level 11 of The Dungeons of Doom. On T:49 you reached level 12 of The Dungeons of Doom. On T:52 you reached level 13 of The Dungeons of Doom. On T:54 you reached level 14 of The Dungeons of Doom. On T:56 you reached level 15 of The Dungeons of Doom. On T:58 you reached level 16 of The Dungeons of Doom. On T:58 you entered the Rogue tribute level. On T:61 you reached level 17 of The Dungeons of Doom. On T:63 you reached level 18 of The Dungeons of Doom. On T:65 you reached level 19 of The Dungeons of Doom. Score breakdown: Gold: 0 ( 0 points) Experience: 1 level ( 0 points) Exploration: 19 levels ( 540 points) Discoveries: 0 items ( 0 points) Variety of kills: 0 monsters ( 0 points) Major goal: (nothing yet) ( 0 points) Survival: died (score multiplied by 3) Total score: 1620 Latest messages: You dig a pit in the floor. You continue digging downward. You dig a hole through the floor. You fall through... You enter what seems to be an older, more primitive world. You start digging downward. You continue digging downward. You dig a pit in the floor. You continue digging downward. You dig a hole through the floor. You fall through... You start digging downward. You continue digging downward. You dig a pit in the floor. Something touches you! You continue digging downward. You dig a hole through the floor. You fall through... You start digging downward. You continue digging downward. You dig a pit in the floor. You continue digging downward. You dig a hole through the floor. You fall through... Something touches you! The vampire scratches you! The vampire bites! Final status: Aloha FIQ the Tourist, drained of life by a vampire... You died in The Dungeons of Doom on dungeon level 19 with 1620 points, and 629 pieces of gold, after 66 moves. You were level 1 with a maximum of 9 hit points when you died.